 Dungeon Crawl Stone Soup version 0.25.1-2-g60ff931df9 (webtiles) character file.

Game seed: 2470572927024180540

236 pokeman the Magician (level 5, -1/29 HPs)
             Began as a Deep Elf Wizard on Oct 13, 2020.
             Engulfed by a cloud of noxious fumes (2 damage)
             ... on level 2 of the Dungeon.
             The game lasted 00:04:08 (2050 turns).

pokeman the Magician (Deep Elf Wizard)              Turns: 2050, Time: 00:04:09

Health: -1/29      AC:  3    Str:  4    XL:     5   Next: 77%
Magic:  11/15      EV: 13    Int: 24    God:
Gold:   56         SH:  0    Dex: 13    Spells: 5/16 levels left

rFire    . . .     SeeInvis .   i - +2 dagger (venom)
rCold    . . .     Gourm    .   (no shield)
rNeg     . . .     Faith    .   a - +0 robe
rPois    .         Spirit   .   b - +0 hat
rElec    .         Reflect  .   (no cloak)
rCorr    .         Harm     .   (no gloves)
MR       .....                  e - +0 pair of boots
Stlth    +.........             (no amulet)
HPRegen  0.09/turn              (no ring)
MPRegen  0.14/turn              (no ring)

@: confused
A: no striking features
a: no special abilities


You were on level 2 of the Dungeon.
You were not hungry.

You visited 1 branch of the dungeon, and saw 2 of its levels.

You collected 56 gold pieces.

Inventory:

Hand Weapons
 i - a +2 dagger of venom (weapon)
Missiles
 h - 16 bolts
Armour
 a - a +0 robe (worn)
 b - a +0 hat (worn)
 e - a +0 pair of boots (worn)
 p - a +0 buckler
Scrolls
 c - 2 scrolls of identify {unknown}
 g - 2 scrolls of blinking {unknown}
 k - 3 scrolls of magic mapping {unknown}
 l - a scroll of noise {unknown}
 n - a scroll of amnesia {unknown}
 o - a scroll of remove curse {unknown}
Potions
 f - a potion of brilliance {unknown}
 j - a potion of mutation {unknown}
 q - a potion of curing {unknown}
Comestibles
 d - 5 rations
 m - 5 chunks of flesh


   Skills:
 - Level 1.3 Fighting
 - Level 1.0 Armour
 - Level 2.4 Dodging
 - Level 2.4 Stealth
 + Level 0.0 Shields
 * Level 6.3 Spellcasting
 * Level 3.3 Conjurations
 - Level 1.1 Summonings
 - Level 1.1 Translocations
 + Level 1.0 Fire Magic
 - Level 1.0 Air Magic
 - Level 1.0 Poison Magic


You had 5 spell levels left.
You knew the following spells:

 Your Spells              Type           Power        Failure   Level  Hunger
a - Magic Dart            Conj           ###.         1%          1    None
b - Mephitic Cloud        Conj/Pois/Air  ###.....     11%         3    None
c - Call Imp              Summ           ##......     8%          2    None
d - Blink                 Tloc           N/A          8%          2    None
e - Conjure Flame         Conj/Fire      ###.....     10%         3    None

Your spell library contained the following spells:

 Spells                   Type           Power        Failure   Level  Hunger
 Slow                     Hex            #.......     12%         2    None


Dungeon Overview and Level Annotations

Branches:
Dungeon (2/15)

Altars:
Dithmenos

Annotations:
D:2 Natasha


Message History

The spell is quite dangerous to cast (11% risk of failure)!
Continue anyway?
Aiming: Mephitic Cloud (quite dangerous; 11% risk of failure)
Press: ? - help, Shift-Dir - straight line That beam is likely to hit you.
Continue anyway?
The ball explodes into a vile cloud!
The stinking cloud engulfs something but does no damage.
The stinking cloud engulfs you but does no damage.
You are engulfed in noxious fumes.
You choke on the stench!
You are confused.
* * * LOW HITPOINT WARNING * * *
Unknown command.
Unknown command.
You are engulfed in noxious fumes.
* * * LOW HITPOINT WARNING * * *
You are engulfed in noxious fumes.
You choke on the stench!
You are more confused.
* * * LOW HITPOINT WARNING * * *
You are engulfed in noxious fumes.
You choke on the stench!
You are more confused.
You die...

.#÷.#..#.#### #....##...##...
#......(...### #.#######..#
.........#...# #.# ##.##
......(......### #.# #..###
.........#.#...####.#########...#
.......................(........#
.............#......#############
........####.###°..##
........####>.#○@...#
.......#......○○#.#.####
#........####.....(....##
#......### #........#..#####
..#..<.###...........##.....## #
#........#######...........##
###....##################.....###
................................#
###....#####.................#..#


There were no monsters in sight!

Vanquished Creatures
  A centaur (D:2)
  An orc wizard (D:1)
  Natasha (twice) (D:2)
  3 adders (D:2)
  3 dart slugs
  2 leopard geckos
  2 orcs (D:2)
  4 giant cockroaches
  3 goblins (D:1)
  4 hobgoblins
  10 kobolds
  A quokka (D:2)
  A ball python (D:2)
  6 bats
  4 frilled lizards
  3 rats (D:1)
50 creatures vanquished.

Notes
Turn   | Place    | Note
-------+----------+-------------------------------------------
     0 | D:1      | pokeman the Deep Elf Wizard began the quest for the Orb.
     0 | D:1      | Reached XP level 1. HP: 10/10 MP: 7/7
   242 | D:1      | Reached XP level 2. HP: 16/16 MP: 6/9
   626 | D:1      | Reached skill level 5 in Spellcasting
   881 | D:1      | Reached XP level 3. HP: 20/20 MP: 7/11
   888 | D:1      | Learned a level 3 spell: Mephitic Cloud
   891 | D:1      | Learned a level 2 spell: Call Imp
   895 | D:1      | Learned a level 2 spell: Blink
   899 | D:1      | Learned a level 3 spell: Conjure Flame
  1029 | D:1      | Reached skill level 1 in Fighting
  1029 | D:1      | Reached skill level 1 in Armour
  1282 | D:2      | Noticed a centaur
  1297 | D:2      | Killed a centaur
  1297 | D:2      | Reached skill level 1 in Air Magic
  1297 | D:2      | Reached skill level 1 in Poison Magic
  1297 | D:2      | Reached XP level 4. HP: 18/25 MP: 9/13
  1299 | D:2      | Reached XP level 5. HP: 21/29 MP: 8/15
  1440 | D:2      | Reached skill level 6 in Spellcasting
  1573 | D:2      | Found a shadowy altar of Dithmenos.
  1636 | D:2      | Noticed Natasha
  1649 | D:2      | Killed Natasha
  1846 | D:2      | Noticed Natasha
  1853 | D:2      | Killed Natasha
  1902 | D:2      | Reached skill level 1 in Fire Magic
  2032 | D:2      | Noticed Natasha
  2049 | D:2      | HP: 1/29 [cloud of noxious fumes (2)]
  2050 | D:2      | Engulfed by a cloud of noxious fumes

Illustrated notes

Levels and vault maps discovered:
D:1:      giann_horns, layout_basic
D:2:      layout_rooms, first_ration, grunt_dithmenos_smoke,
          uniq_crazy_yiuf_cottage, uniq_natasha

Skill      XL: |  1  2  3  4  5 |
---------------+----------------+-----
Spellcasting   | 5 6 |  6.3
Fighting       | 1 |  1.3
Armour         | 1 |  1.0
Conjurations   | 2 3 |  3.3
Air Magic      | 1 |  1.0
Poison Magic   | 1 |  1.0
Fire Magic     | 1 |  1.0
Dodging        | |  2.4
Stealth        | |  2.4
Summonings     | |  1.1
Translocations | |  1.1

Action                   |  1- 3 |  4- 6 || total
-------------------------+-------+-------++-------
Melee: Dagger            |     9 |    12 ||    21
 Cast: Magic Dart        |    63 |    54 ||   117
       Mephitic Cloud    |     2 |     4 ||     6
 Stab: Confused          |     2 |     1 ||     3
       Sleeping          |     1 |       ||     1
  Eat: Chunk             |       |     3 ||     3
Armor: Robe              |       |     4 ||     4
Dodge: Dodged            |     7 |    19 ||    26
